General information
- name: BNet
- type: Ladder team game (AT/RT)
- host: Battle.net
- saver: ToweredCoward
map: Battleground
- players: 8
- length: 28:28
- speed: Fast
- version: 1.26 W3XP
- replay type: Public
» download(190 KB)
Players
team 1 (winner)

»
CharlesNcharge (
orange | 58 APM | 1113 actions | 19:03)
3 Archmage
2 Summon Water Elemental
1 Brilliance Aura
2 Paladin
1 Holy Light
1 Divine Shield
» actions
| Assign group hotkey | 30 | |
| Build / train | 55 | |
| Enter build submenu | 23 | |
| Enter hero's abilities submenu | 5 | |
| Remove unit from queue | 3 | |
| Right click | 385 | |
| Select / deselect | 339 | |
| Select group hotkey | 222 | |
| Use ability | 51 | |
1113 total
» units
| Peasant | 8 | |
| Footman | 6 | |
| Mortar Team | 5 | |
| Siege Engine | 3 | |
22 total
» upgrades
| Masonry | 1 | |
| Lumber Harvesting | 2 | |
| Defend | 1 | |
| Gunpowder | 2 | |
| Plating | 2 | |
| Fragmentation Shards | 1 | |
| Armor | 1 | |
| Barrage | 1 | |
11 total
» buildings
| Farm | 7 | |
| Altar of Kings | 1 | |
| Barracks | 1 | |
| Scout Tower | 5 | |
| Arcane Tower | 1 | |
| Arcane Vault | 1 | |
| Lumber Mill | 1 | |
| Keep | 1 | |
| Guard Tower | 4 | |
| Blacksmith | 1 | |
| Castle | 1 | |
| Workshop | 4 | |
28 total
» build order
00:08 Farm
00:11 Altar of Kings
00:40 Barracks
01:11 Scout Tower
01:20 Farm
02:01 Farm
02:04 Arcane Tower
02:40 Arcane Vault
03:02 Lumber Mill
03:35 Keep
03:46 Farm
04:24 Scout Tower
05:42 Scout Tower
05:44 Guard Tower
06:04 Blacksmith
06:10 Farm
06:16 Guard Tower
07:09 Castle
07:16 Workshop
07:20 Workshop
10:21 Scout Tower
10:39 Workshop
10:56 Guard Tower
11:24 Farm
14:12 Workshop
14:22 Scout Tower
15:20 Farm
16:08 Guard Tower
» items
| Scroll of Regeneration | 3 | |
| Scroll of Town Portal | 2 | |
5 total
Sn0Leopard (
yellow | 57 APM | 1415 actions | 24:55)
4 Blademaster
2 Wind Walk
2 Critical Strike
» actions
| Assign group hotkey | 17 | |
| Build / train | 52 | |
| ESC pressed | 5 | |
| Enter build submenu | 19 | |
| Enter hero's abilities submenu | 4 | |
| Remove unit from queue | 2 | |
| Right click | 421 | |
| Select / deselect | 434 | |
| Select group hotkey | 402 | |
| Use ability | 58 | |
1415 total
» units
| Peon | 7 | |
| Grunt | 14 | |
| Shaman | 8 | |
| Troll Witch Doctor | 8 | |
37 total
» upgrades
| Armor | 1 | |
| Shaman Training | 2 | |
| Witch Doctor Training | 2 | |
| Berserker Strength | 1 | |
6 total
» buildings
| Orc Burrow | 9 | |
| Barracks | 3 | |
| Altar of Storms | 1 | |
| War Mill | 1 | |
| Stronghold | 1 | |
| Spirit Lodge | 3 | |
| Fortress | 1 | |
19 total
» build order
00:12 Orc Burrow
00:18 Barracks
00:35 Barracks
01:14 Orc Burrow
01:37 Altar of Storms
01:45 War Mill
03:41 Stronghold
05:02 Orc Burrow
05:13 Orc Burrow
06:07 Spirit Lodge
06:51 Spirit Lodge
07:56 Spirit Lodge
09:00 Fortress
10:45 Orc Burrow
10:50 Orc Burrow
13:32 Orc Burrow
13:35 Barracks
14:21 Orc Burrow
15:59 Orc Burrow
ToweredCoward (
pink | 34 APM | 964 actions | 28:28)
» actions
| Assign group hotkey | 18 | |
| Basic commands | 4 | |
| Build / train | 70 | |
| Enter build submenu | 78 | |
| Remove unit from queue | 3 | |
| Right click | 232 | |
| Select / deselect | 359 | |
| Select group hotkey | 24 | |
| Use ability | 175 | |
964 total
» units
» upgrades
| Masonry | 2 | |
| Lumber Harvesting | 1 | |
| Magic Sentry | 1 | |
4 total
» buildings
| Farm | 11 | |
| Lumber Mill | 2 | |
| Scout Tower | 121 | |
| Guard Tower | 29 | |
| Keep | 1 | |
| Arcane Sanctum | 1 | |
| Arcane Tower | 7 | |
| Town Hall | 2 | |
| Altar of Kings | 1 | |
| Castle | 1 | |
176 total
» build order
01:05 Farm
01:09 Farm
01:11 Farm
01:13 Farm
01:30 Lumber Mill
01:56 Scout Tower
01:58 Scout Tower
01:59 Scout Tower
02:03 Scout Tower
02:06 Scout Tower
02:08 Scout Tower
02:11 Farm
02:12 Farm
03:48 Guard Tower
03:59 Scout Tower
04:00 Scout Tower
04:03 Scout Tower
04:04 Scout Tower
04:05 Scout Tower
04:07 Scout Tower
04:17 Scout Tower
04:20 Scout Tower
04:22 Scout Tower
04:24 Scout Tower
04:26 Scout Tower
04:27 Scout Tower
04:29 Scout Tower
04:31 Scout Tower
04:32 Scout Tower
04:34 Scout Tower
04:35 Scout Tower
04:40 Scout Tower
04:41 Scout Tower
04:42 Scout Tower
04:45 Scout Tower
04:47 Scout Tower
04:53 Guard Tower
05:32 Guard Tower
05:43 Farm
05:44 Farm
05:46 Farm
05:47 Farm
05:53 Scout Tower
05:54 Scout Tower
05:56 Scout Tower
05:58 Scout Tower
06:07 Scout Tower
06:09 Scout Tower
06:10 Scout Tower
06:12 Scout Tower
06:13 Scout Tower
06:14 Scout Tower
06:15 Scout Tower
06:16 Scout Tower
06:17 Scout Tower
06:25 Farm
06:31 Keep
06:38 Guard Tower
07:26 Guard Tower
08:12 Scout Tower
08:12 Scout Tower
08:12 Scout Tower
08:44 Scout Tower
08:44 Scout Tower
08:46 Guard Tower
08:48 Guard Tower
08:49 Guard Tower
10:03 Arcane Sanctum
10:07 Scout Tower
10:08 Scout Tower
10:09 Scout Tower
10:10 Scout Tower
10:12 Scout Tower
10:13 Scout Tower
10:14 Scout Tower
10:15 Scout Tower
10:18 Scout Tower
10:18 Scout Tower
10:46 Arcane Tower
10:47 Arcane Tower
10:49 Arcane Tower
11:34 Guard Tower
11:36 Guard Tower
11:37 Guard Tower
11:38 Guard Tower
11:42 Arcane Tower
11:44 Arcane Tower
11:46 Arcane Tower
11:51 Arcane Tower
12:20 Lumber Mill
13:10 Scout Tower
13:11 Scout Tower
13:11 Scout Tower
13:11 Scout Tower
13:21 Scout Tower
13:21 Scout Tower
13:22 Scout Tower
13:22 Scout Tower
13:45 Guard Tower
13:57 Town Hall
14:07 Guard Tower
14:09 Scout Tower
14:09 Scout Tower
14:10 Scout Tower
14:11 Scout Tower
14:14 Scout Tower
14:14 Scout Tower
14:15 Scout Tower
14:18 Guard Tower
14:42 Guard Tower
15:35 Scout Tower
15:35 Scout Tower
15:40 Scout Tower
15:55 Scout Tower
16:03 Scout Tower
16:03 Scout Tower
16:12 Guard Tower
16:31 Scout Tower
16:34 Scout Tower
16:36 Scout Tower
16:37 Scout Tower
16:38 Guard Tower
16:41 Scout Tower
16:41 Scout Tower
16:43 Scout Tower
16:43 Scout Tower
18:00 Scout Tower
18:00 Scout Tower
18:01 Scout Tower
18:01 Scout Tower
18:06 Town Hall
18:09 Scout Tower
18:09 Scout Tower
18:09 Scout Tower
18:10 Scout Tower
18:11 Scout Tower
18:12 Scout Tower
18:12 Scout Tower
18:12 Scout Tower
18:19 Scout Tower
18:19 Scout Tower
18:20 Scout Tower
18:20 Scout Tower
18:30 Guard Tower
18:33 Guard Tower
18:53 Scout Tower
18:53 Scout Tower
18:54 Scout Tower
18:54 Scout Tower
18:59 Guard Tower
19:47 Guard Tower
19:59 Guard Tower
20:04 Guard Tower
20:37 Scout Tower
20:37 Scout Tower
20:45 Altar of Kings
21:15 Scout Tower
21:16 Scout Tower
21:17 Scout Tower
21:17 Scout Tower
21:18 Scout Tower
21:18 Scout Tower
21:19 Scout Tower
21:23 Scout Tower
21:23 Scout Tower
21:24 Scout Tower
21:27 Scout Tower
21:28 Scout Tower
21:28 Scout Tower
21:34 Guard Tower
22:01 Guard Tower
22:24 Guard Tower
22:26 Guard Tower
22:27 Guard Tower
22:43 Castle
22:52 Guard Tower
24:11 Guard Tower

»
Im.Not.ThatDude (
blue | 52 APM | 1400 actions | 27:01)
4 Mountain King
2 Storm Bolt
2 Bash
» actions
| Assign group hotkey | 10 | |
| Basic commands | 103 | |
| Build / train | 37 | |
| Enter build submenu | 25 | |
| Enter hero's abilities submenu | 4 | |
| Remove unit from queue | 2 | |
| Right click | 755 | |
| Select / deselect | 149 | |
| Select group hotkey | 251 | |
| Use ability | 64 | |
1400 total
» units
| Peasant | 9 | |
| Footman | 6 | |
| Gryphon Rider | 2 | |
17 total
» upgrades
| Defend | 1 | |
| Animal War Training | 1 | |
| Lumber Harvesting | 1 | |
| Storm Hammers | 1 | |
4 total
» buildings
| Altar of Kings | 1 | |
| Farm | 12 | |
| Barracks | 1 | |
| Scout Tower | 4 | |
| Arcane Tower | 1 | |
| Arcane Vault | 1 | |
| Lumber Mill | 1 | |
| Guard Tower | 3 | |
| Keep | 1 | |
| Blacksmith | 1 | |
| Castle | 1 | |
| Gryphon Aviary | 4 | |
31 total
» build order
00:15 Altar of Kings
00:22 Farm
00:38 Barracks
00:50 Farm
01:42 Farm
01:46 Scout Tower
02:10 Scout Tower
02:15 Arcane Tower
03:00 Arcane Vault
03:10 Lumber Mill
04:21 Guard Tower
04:26 Farm
05:05 Farm
05:13 Keep
05:48 Farm
06:10 Blacksmith
06:24 Scout Tower
06:29 Scout Tower
07:04 Guard Tower
07:36 Castle
07:38 Guard Tower
09:45 Gryphon Aviary
09:46 Gryphon Aviary
09:47 Gryphon Aviary
09:53 Gryphon Aviary
10:37 Farm
10:39 Farm
10:40 Farm
10:41 Farm
11:38 Farm
11:39 Farm
» items
| Scroll of Regeneration | 1 | |
| Lesser Clarity Potion | 1 | |
| Boots of Speed | 1 | |
| Scroll of Town Portal | 1 | |
4 total
team 2 (loser)

»
whyamistillup (
teal | 117 APM | 3328 actions | 28:27)
5 Dreadlord
3 Vampiric Aura
2 Sleep
5 Death Knight
2 Death Coil
3 Unholy Aura
2 Crypt Lord
1 Impale
1 Spiked Carapace
» actions
| Assign group hotkey | 214 | |
| Basic commands | 140 | |
| Build / train | 62 | |
| Enter build submenu | 22 | |
| Enter hero's abilities submenu | 12 | |
| Give item / drop item | 2 | |
| Right click | 1150 | |
| Select / deselect | 413 | |
| Select group hotkey | 1227 | |
| Use ability | 86 | |
3328 total
» units
| Acolyte | 9 | |
| Ghoul | 5 | |
| Meatwagon | 9 | |
| Necromancer | 11 | |
| Obsidian Statue | 1 | |
35 total
» upgrades
| Necromancer Training | 2 | |
| Exhume Corpses | 1 | |
| Skeletal Mastery | 1 | |
| Unholy Strength | 1 | |
| Unholy Armor | 1 | |
6 total
» buildings
| Ziggurat | 11 | |
| Crypt | 1 | |
| Altar of Darkness | 1 | |
| Nerubian Tower | 1 | |
| Tomb of Relics | 1 | |
| Halls of the Dead | 1 | |
| Graveyard | 1 | |
| Slaughterhouse | 1 | |
| Black Citadel | 1 | |
| Temple of the Damned | 2 | |
| Spirit Tower | 1 | |
22 total
» build order
00:07 Ziggurat
00:11 Crypt
00:34 Altar of Darkness
00:58 Ziggurat
01:18 Nerubian Tower
01:41 Tomb of Relics
02:48 Halls of the Dead
03:14 Graveyard
05:47 Slaughterhouse
05:49 Black Citadel
05:54 Temple of the Damned
06:07 Ziggurat
06:13 Ziggurat
06:44 Spirit Tower
06:56 Temple of the Damned
12:56 Ziggurat
15:49 Ziggurat
17:55 Ziggurat
20:50 Ziggurat
20:55 Ziggurat
21:39 Ziggurat
21:43 Ziggurat
» items
| Rod of Necromancy | 1 | |
| Scroll of Town Portal | 1 | |
2 total

»
MattyC (
green | 52 APM | 1470 actions | 28:27)
7 Archmage
3 Summon Water Elemental
3 Brilliance Aura
1 Mass Teleport
5 Mountain King
3 Storm Bolt
2 Bash
3 Firelord
2 Summon Lava Spawn
1 Incinerate
» actions
| Assign group hotkey | 59 | |
| Basic commands | 130 | |
| Build / train | 97 | |
| Enter build submenu | 31 | |
| Enter hero's abilities submenu | 15 | |
| Give item / drop item | 1 | |
| Right click | 324 | |
| Select / deselect | 335 | |
| Select group hotkey | 408 | |
| Use ability | 70 | |
1470 total
» units
| Peasant | 25 | |
| Footman | 5 | |
| Rifleman | 19 | |
| Mortar Team | 10 | |
59 total
» upgrades
| Gunpowder | 3 | |
| Armor | 3 | |
| Long Rifles | 1 | |
| Lumber Harvesting | 2 | |
| Masonry | 3 | |
| Backpack | 1 | |
13 total
» buildings
| Farm | 11 | |
| Altar of Kings | 1 | |
| Barracks | 1 | |
| Arcane Vault | 1 | |
| Blacksmith | 1 | |
| Keep | 4 | |
| Lumber Mill | 2 | |
| Workshop | 1 | |
| Town Hall | 4 | |
| Scout Tower | 3 | |
| Guard Tower | 2 | |
| Castle | 1 | |
32 total
» build order
00:09 Farm
00:12 Altar of Kings
00:47 Farm
01:04 Barracks
01:40 Arcane Vault
02:45 Farm
03:23 Blacksmith
03:31 Farm
04:13 Keep
04:39 Farm
05:23 Farm
05:55 Farm
07:31 Lumber Mill
08:50 Workshop
10:49 Town Hall
10:51 Scout Tower
11:47 Scout Tower
12:34 Scout Tower
12:35 Guard Tower
13:59 Guard Tower
14:09 Castle
16:47 Town Hall
17:03 Farm
17:29 Farm
18:35 Farm
19:15 Farm
20:12 Lumber Mill
20:39 Town Hall
27:31 Town Hall
28:22 Keep
28:25 Keep
28:27 Keep

»
nick1677 (
purple | 23 APM | 665 actions | 28:27)
5 Blademaster
1 Wind Walk
2 Critical Strike
2 Mirror Image
4 Tauren Chieftain
1 War Stomp
2 Endurance Aura
1 Shockwave
» actions
| Basic commands | 18 | |
| Build / train | 75 | |
| Enter build submenu | 19 | |
| Enter hero's abilities submenu | 9 | |
| Give item / drop item | 1 | |
| Remove unit from queue | 3 | |
| Right click | 218 | |
| Select / deselect | 275 | |
| Use ability | 47 | |
665 total
» units
| Peon | 10 | |
| Grunt | 5 | |
| Tauren | 10 | |
| Shaman | 8 | |
| Demolisher | 3 | |
36 total
» upgrades
| Spiked Barricades | 1 | |
| Melee Weapons | 1 | |
| Armor | 1 | |
| Shaman Training | 2 | |
| Pulverize | 1 | |
6 total
» buildings
| Orc Burrow | 7 | |
| Altar of Storms | 1 | |
| Barracks | 1 | |
| War Mill | 1 | |
| Voodoo Lounge | 1 | |
| Stronghold | 2 | |
| Watch Tower | 1 | |
| Fortress | 1 | |
| Spirit Lodge | 1 | |
| Tauren Totem | 2 | |
| Great Hall | 2 | |
20 total
» build order
00:13 Orc Burrow
00:26 Altar of Storms
00:41 Barracks
01:24 Orc Burrow
01:54 Orc Burrow
02:15 War Mill
02:43 Voodoo Lounge
04:16 Stronghold
05:12 Watch Tower
06:30 Orc Burrow
07:29 Fortress
07:33 Spirit Lodge
09:58 Tauren Totem
10:04 Tauren Totem
10:30 Orc Burrow
10:49 Orc Burrow
15:18 Great Hall
17:23 Orc Burrow
21:11 Great Hall
24:33 Stronghold
» items
| Healing Salve | 3 | |
| Lesser Clarity Potion | 1 | |
| Scroll of Speed | 6 | |
| Dust of Appearance | 1 | |
| Scroll of Town Portal | 2 | |
| Orb of Lightning | 2 | |
15 total
LoneGohn (
red | 31 APM | 874 actions | 28:27)
6 Keeper of the Grove
2 Force of Nature
3 Thorns Aura
1 Tranquility
» actions
| Basic commands | 1 | |
| Build / train | 75 | |
| Enter build submenu | 13 | |
| Enter hero's abilities submenu | 6 | |
| Right click | 421 | |
| Select / deselect | 303 | |
| Use ability | 55 | |
874 total
» units
| Wisp | 9 | |
| Archer | 24 | |
| Dryad | 4 | |
| Druid of the Claw | 8 | |
| Glaive Thrower | 4 | |
49 total
» upgrades
| Strength of the Moon | 3 | |
| Moon Armor | 3 | |
| Improved Bows | 1 | |
| Abolish Magic | 1 | |
| Druid of the Claw Training | 2 | |
| Strength of the Wild | 2 | |
| Vorpal Blades | 1 | |
| Reinforced Hides | 2 | |
| Mark of the Claw | 1 | |
16 total
» buildings
| Moon Well | 6 | |
| Ancient of War | 1 | |
| Altar of Elders | 1 | |
| Hunter's Hall | 1 | |
| Tree of Ages | 1 | |
| Ancient Protector | 3 | |
| Ancient of Lore | 1 | |
| Tree of Eternity | 1 | |
15 total
» build order
00:19 Moon Well
00:43 Ancient of War
00:57 Altar of Elders
01:18 Moon Well
02:42 Moon Well
03:19 Hunter's Hall
04:41 Tree of Ages
06:15 Ancient Protector
09:51 Ancient of Lore
10:54 Tree of Eternity
14:41 Moon Well
17:44 Moon Well
17:48 Ancient Protector
19:37 Moon Well
20:39 Ancient Protector
» items
Chat log
(03:20 / Allies) CharlesNcharge: units?
(03:29 / Allies) Sn0Leopard: shams docs
(03:46 / All) MattyC: SUMMONED UNITS FTW
(04:00 / All) MattyC: Free your mind, and your ass will follow
(04:18 / All) Im.Not.ThatDude: you're welcome purp... lucky fuck
(04:36 / All) nick1677: cry baby
(04:47 / All) Im.Not.ThatDude: no.... u just got lucky is all... shit happens... bitch
(06:36 / Allies) CharlesNcharge: lets hit
(06:40 / Allies) CharlesNcharge: teal teched and only has ghouls
(06:40 / Allies) ToweredCoward: where
(06:54 / Allies) CharlesNcharge: teal?
(06:57 / Allies) Im.Not.ThatDude: Sure
(07:02 / Allies) ToweredCoward: I'll bring some forces
(07:06 / Allies) Im.Not.ThatDude: omw
(07:07 / Allies) CharlesNcharge: meet
(07:16 / All) nick1677: what r u loocking for blue
(07:19 / Allies) ToweredCoward: Tom Dick and Harry at your service
(07:29 / Allies) Sn0Leopard: ha
(07:30 / All) Im.Not.ThatDude: nothing honey
(07:31 / Allies) Sn0Leopard: wyrms
(07:47 / Allies) ToweredCoward: Let's do this, boys
(07:47 / Allies) Im.Not.ThatDude: lets roll
(07:55 / Allies) CharlesNcharge: main?
(07:59 / Allies) Im.Not.ThatDude: yup
(08:02 / Allies) CharlesNcharge: gogo
(08:28 / Allies) ToweredCoward: stop attacking main!
(08:30 / Allies) ToweredCoward: you won't get it!
(09:13 / Allies) CharlesNcharge: im out
(09:14 / Allies) ToweredCoward: time to make our escape
(09:22 / Allies) ToweredCoward: fuck
(09:24 / Allies) ToweredCoward: we lost Tom
(09:30 / Allies) Sn0Leopard: anyone got wood?
(09:39 / Allies) ToweredCoward: Yeah man
(09:40 / Allies) Sn0Leopard: thx
(09:45 / Allies) ToweredCoward: I'm blue balling over here
(10:18 / Allies) Sn0Leopard: pink?
(10:25 / Allies) Im.Not.ThatDude: lol
(10:26 / All) whyamistillup: 1
(10:29 / Allies) CharlesNcharge: gold me pink?
(10:30 / Allies) Sn0Leopard: haha
(10:39 / Allies) ToweredCoward: How much and at what interest rate?
(10:48 / Allies) CharlesNcharge: lots and 0%
(10:54 / Allies) ToweredCoward: What's in it for me
(11:04 / Allies) CharlesNcharge: karma
(11:10 / Allies) ToweredCoward: I don't believe in it
(11:10 / Allies) Sn0Leopard: uhoh
(11:14 / Allies) CharlesNcharge: a win
(11:25 / Allies) ToweredCoward: can't say I ever cared about them
(13:07 / All) whyamistillup: oooh griffs
(13:14 / All) whyamistillup: for griffindor!!!!
(13:36 / Allies) ToweredCoward: bring thise griffs to my abode!
(13:44 / Allies) Sn0Leopard: yea out
(13:51 / Allies) CharlesNcharge: pink can you at least tower our bases too?
(13:52 / Allies) Sn0Leopard: we need a little timeto reggroup
(15:34 / All) nick1677: what happen blue
(15:49 / All) Im.Not.ThatDude: just wait... you'll seee what "happened"
(15:55 / All) MattyC: LOL
(16:00 / All) MattyC: you're being that dude
(16:02 / All) MattyC: hahahahahah
(16:11 / All) MattyC: bahahahah
(16:12 / All) Im.Not.ThatDude: nah.... but you see pinks name right? lol
(16:15 / All) nick1677: dont play again
(16:30 / All) Im.Not.ThatDude: ok badass... you're SO pro Purp!
(17:22 / All) MattyC: merksauce everywhere
(17:25 / All) MattyC: i can't see my screen
(17:37 / All) MattyC: Are we winning?
(17:46 / All) CharlesNcharge: good. it will bring you back to 50%
(17:47 / Allies) Sn0Leopard: tank em
(17:48 / Allies) Sn0Leopard: go for it
(17:51 / All) nick1677: nope
(17:54 / All) MattyC: =]
(17:58 / All) nick1677: blue is winning
(18:04 / All) MattyC: Clearly
(18:12 / All) MattyC: oj
(18:16 / All) MattyC: watfch your AM
(18:18 / All) MattyC: DISAPPEAR
(19:36 / Allies) Im.Not.ThatDude: back to pink yellow
(19:52 / Allies) ToweredCoward: lumbers
(20:08 / Allies) Im.Not.ThatDude: thats every resource I got left
(20:09 / Allies) Im.Not.ThatDude: lol
(20:13 / Allies) ToweredCoward: HELP
(20:25 / All) Im.Not.ThatDude: see what I mean purp?
(20:31 / All) Im.Not.ThatDude: good sign for me huh?
(20:46 / Allies) Im.Not.ThatDude: and i'm fucking stuck in pinks main! lol
(20:50 / All) MattyC: Yup.. bright looking future ahead of yourself
(20:57 / All) Im.Not.ThatDude: yeah.... not so much
(21:07 / All) Im.Not.ThatDude: but.... pink is having fun..... so we all have fun....
(21:18 / All) nick1677: and u
(21:23 / All) nick1677: no units
(21:30 / All) nick1677: poor guy
(21:34 / All) Im.Not.ThatDude: yup billy..... and me.... no units... and a trapt hero
(21:41 / All) MattyC: LOL
(21:43 / All) Im.Not.ThatDude: I know.... don't be sad... I"ll be ok
(21:53 / All) Im.Not.ThatDude: its just a game afterall..... well.... for some....
(22:16 / All) ToweredCoward: Stop these aggressive maneuvers immediately or I will notify the UN
(22:19 / Allies) Im.Not.ThatDude: yellow... you should put traps down like crazy in front of pinks main
(23:16 / All) whyamistillup: hahahah
(23:20 / All) whyamistillup: u lookin good alright
(23:37 / Allies) Sn0Leopard: lol
(23:39 / Allies) Sn0Leopard: thats it
(23:40 / All) ToweredCoward: IF I COULD GET SOME ASSISTANCE FROM MY ALLIES!!
(25:12 / Allies) Im.Not.ThatDude: awww... he coulda given you resources
(25:23 / Allies) ToweredCoward: It's over, it's all over
(25:48 / All) MattyC: "From every head and ass.. may dollars flow"
(25:57 / Allies) ToweredCoward: They want my pringles and there's nothing anybody can do to stop them
(25:57 / All) MattyC: -funkadelic
(26:06 / Allies) Im.Not.ThatDude: lmao!
(26:38 / All) MattyC: gg pink
(26:40 / All) MattyC: well played..
(26:43 / All) MattyC: (kind of)
(27:08 / All) MattyC: I got 1st
(27:09 / All) MattyC: =]
(27:38 / All) whyamistillup: who just losta hero?
(27:48 / All) ToweredCoward: that would be red
(27:59 / All) whyamistillup: hahaah
(28:25 / All) whyamistillup: worst nightmare for a towerer is a guys wiith necs/wagons